[Event "*** Titled Tuesday Blitz"]
[Site "Chess.com"]
[Date "2020.04.07"]
[Round "2"]
[White "DraskovicL"]
[Black "Schachmalanders"]
[Result "1-0"]
[WhiteElo "2559"]
[BlackElo "2306"]
[TimeControl "180+1"]
[EndTime "13:17:36 PDT"]
[Termination "DraskovicL won by checkmate"]

1. Nf3 d5 2. c4 c6 3. e3 Bg4 4. Qb3 Bxf3 5. Qxb7 Be4 6. Qxa8 Qb6 7. Nc3 Nf6 8. d3 Bf5 9. e4 dxe4 10. Bf4 e5 11.
Bxe5 Nd7 12. Bxb8 Nxb8 13. O-O-O Be7 14. dxe4 Bg4 15. f3 Be6 16. Nd5 cxd5 17. exd5 Bf5 18. Re1 Kd7 19. g3 Bb4 20. Re5 Qd4 21. Qb7+ Kd6 22.
Qe7# 1-0

[Event "*** Titled Tuesday Blitz"]
[Site "Chess.com"]
[Date "2020.04.07"]
[Round "2"]
[White "varacalli"]
[Black "Charlottemillard17"]
[Result "1-0"]
[WhiteElo "2378"]
[BlackElo "1319"]
[TimeControl "180+1"]
[EndTime "13:17:36 PDT"]
[Termination "varacalli won by checkmate"]

1. e4 e5 2. Nf3 Nc6 3. Bc4 Bc5 4. O-O Nf6 5. d3 h6 6. c3 O-O 7. Nbd2 d6 8. Bb3 Bg4 9. h3 Bh5 10. Re1 Re8 11. Nf1 Na5 12. Bc2 Nc6 13. Ng3 Bg6 14.
Nh4 Bh7 15. Nhf5 Bxf5 16. Nxf5 Ne7 17. Ng3 Ng6 18. d4 exd4 19. cxd4 Bb4 20. Bd2 Bxd2 21.
Qxd2 Nd7 22. Kh1 Ne7 23. Rad1 Nc6 24. Nf5 Qf6 25. Re3 Re6 26. d5 Ree8 27. dxc6 bxc6 28.
Bb3 Ne5 29. Rg3 g6 30. Qxh6 Rab8 31. f4 Nd7 32. Rxg6+ Qxg6 33. Qxg6+ Kf8 34. Qg7# 1-0

[Event "*** Titled Tuesday Blitz"]
[Site "Chess.com"]
[Date "2020.04.07"]
[Round "2"]
[White "mbachez"]
[Black "BakaPG"]
[Result "0-1"]
[WhiteElo "2356"]
[BlackElo "2694"]
[TimeControl "180+1"]
[EndTime "13:17:37 PDT"]
[Termination "BakaPG won by resignation"]

1. e4 e6 2. d4 d5 3. Bd3 dxe4 4. Bxe4 Nf6 5. Bf3 c5 6. Ne2 Nc6 7. Be3 Nd5 8. Bxd5 Qxd5 9. Nf4 Qf5 10. dxc5 Bxc5 11.
g4 Qe4 12. O-O Bxe3 13. fxe3 Qxe3+ 14. Kg2 O-O 15. Nc3 Rd8 16. Qe1 Rd2+ 17. Rf2 Qxf2+ 18. Qxf2 Rxf2+ 19. Kxf2 e5 20. Nfd5 Bxg4 21. Rg1 Bf5 22. b4 a6 23. a4 Kf8 24. b5 axb5 25. axb5 Nd4 26. Nb6 Ra3 27. Ncd5 Rf3+ 28. Ke1 Nxc2+ 29. Kd2 Nd4 30. Re1 f6 31. Ne3 Be6 32. h4 Rh3 33.
Ng2 Nf3+ 0-1

[Event "*** Titled Tuesday Blitz"]
[Site "Chess.com"]
[Date "2020.04.07"]
[Round "2"]
[White "mc4chess"]
[Black "youngKID"]
[Result "0-1"]
[WhiteElo "2364"]
[BlackElo "2818"]
[TimeControl "180+1"]
[EndTime "13:17:38 PDT"]
[Termination "youngKID won by resignation"]

1. c4 Nf6 2. Nc3 e5 3. Nf3 Nc6 4. g3 Bb4 5. Bg2 Bxc3 6. bxc3 O-O 7. O-O d6 8. d3 Re8 9. e4 Nd7 10. Be3 a5 11. Rb1 b6 12. Nh4 Nc5 13. f4 exf4 14.
Rxf4 Ne5 15. d4 Nxc4 16. Bc1 Ne6 17. Rf2 Ra7 18. Qf1 Ba6 19. Qd1 c5 20. d5 Ng5 21.
Nf5 f6 22. Qg4 Ne5 23. Qd1 Nd3 24. Rf1 Nxc1 0-1

[Event "*** Titled Tuesday Blitz"]
[Site "Chess.com"]
[Date "2020.04.07"]
[Round "2"]
[White "hermionegrangermagic"]
[Black "Aygehovit1992"]
[Result "0-1"]
[WhiteElo "2464"]
[BlackElo "2730"]
[TimeControl "180+1"]
[EndTime "13:17:39 PDT"]
[Termination "Aygehovit1992 won by resignation"]

1. e4 c5 2. Nf3 d6 3. d4 cxd4 4. Nxd4 Nf6 5. Nc3 Nc6 6. Bg5 a6 7. Qd2 Bd7 8. O-O-O h6 9. Be3 Ng4 10. Bc4 Nxe3 11. fxe3 Ne5 12. Bb3 Rc8 13. Nf3 Qa5 14. Rhf1 e6 15. Qf2 f6 16. Nd4 Nc4 17. Bxc4 Rxc4 18.
Qg3 Qg5 19. Qf3 Be7 20. e5 Qxe5 21. Qxb7 Qxe3+ 22. Kb1 Rxd4 23. Rde1 Qg5 24. Qb8+ Bd8 25. Ne4 Rxe4 26. Rxe4 Qb5 27. Qxb5 axb5 28. Rd1 d5 29.
Re2 Kf7 30. a3 Bc7 31. Rd3 h5 32. h3 h4 33. Rc3 Bg3 34. Rd2 Rh5 35. Rc7 Bxc7 0-1

[Event "*** Titled Tuesday Blitz"]
[Site "Chess.com"]
[Date "2020.04.07"]
[Round "2"]
[White "TigrVShlyape"]
[Black "Shukh_Nikolay"]
[Result "1-0"]
[WhiteElo "2849"]
[BlackElo "2552"]
[TimeControl "180+1"]
[EndTime "13:17:40 PDT"]
[Termination "TigrVShlyape won by resignation"]

1. d4 Nf6 2. Nf3 g6 3. Bf4 Bg7 4. c3 d6 5. h3 c6 6. Nbd2 Nbd7 7. e4 a5 8. a4 O-O 9. Be2 Re8 10. O-O e5 11. dxe5 dxe5 12. Be3 Qe7 13. Qc2 Nh5 14. Rfe1 Nf4 15. Bf1 Nc5 16. Nc4 Nxe4 17. Nb6 Bf5 18. Bxf4 exf4 19. Nxa8 Rxa8 20. Bd3 Re8 21. Nd2 f3 22. Bxe4 Bxh3 23. Bxf3 Qxe1+ 24. Rxe1 Rxe1+ 25. Kh2 Be6 26. g3 h5 27. Kg2 Bh6 28. Ne4 Bc4 29. Nd2 Ba6 30. c4 Re5 31. b3 c5 32. Qd3 b6 33.
Ne4 Bg7 34. Qd8+ Kh7 35. Ng5+ 1-0

[Event "*** Titled Tuesday Blitz"]
[Site "Chess.com"]
[Date "2020.04.07"]
[Round "2"]
[White "maciek_92"]
[Black "imdvb6307"]
[Result "1/2-1/2"]
[WhiteElo "2703"]
[BlackElo "2409"]
[TimeControl "180+1"]
[EndTime "13:17:40 PDT"]
[Termination "Game drawn by repetition"]

1. c4 Nf6 2. Nc3 c6 3. Nf3 d5 4. e3 Bg4 5. h3 Bxf3 6. Qxf3 e6 7. d4 Nbd7 8. cxd5 exd5 9. Bd3 Bb4 10. O-O O-O 11.
a3 Bd6 12. b4 a6 13. g4 h6 14. Kg2 Qe7 15. h4 Rae8 16. Rh1 Ne4 17. Ne2 Qf6 18.
Qxf6 Nexf6 19. g5 hxg5 20. hxg5 Ne4 21. f3 Nxg5 22. Rh5 Ne6 23. Bh7+ Kh8 24. Bf5+ Kg8 25. Bh7+ Kh8 26. Bd3+ Kg8 27. Bh7+ 1/2-1/2

[Event "*** Titled Tuesday Blitz"]
[Site "Chess.com"]
[Date "2020.04.07"]
[Round "2"]
[White "BaMBoMaTTo"]
[Black "Vojtastr"]
[Result "1-0"]
[WhiteElo "2747"]
[BlackElo "2503"]
[TimeControl "180+1"]
[EndTime "13:17:42 PDT"]
[Termination "BaMBoMaTTo won by resignation"]

1. d4 Nf6 2. c4 c5 3. d5 e6 4.
Nc3 exd5 5. cxd5 d6 6. e4 g6 7. f4 Bg7 8. Bb5+ Nfd7 9. a4 O-O 10. Nf3 Na6 11. O-O Nb4 12. Re1 a6 13. Bf1 Nf6 14. h3 Re8 15. Bc4 Nh5 16. e5 Bf5 17.
g4 Bc2 18. Qe2 Ng3 19. Qg2 dxe5 20. fxe5 Ne4 21. Nxe4 Bxe5 22. Bg5 f6 23. Nxe5 fxg5 24. d6+ Kg7 25. Nf7 Qd7 26. Nexg5 h6 27. Ne6+ Kh7 28.
Nxc5 Qc6 29. Qxc6 Nxc6 30. Rxe8 Rxe8 1-0

[Event "*** Titled Tuesday Blitz"]
[Site "Chess.com"]
[Date "2020.04.07"]
[Round "2"]
[White "GMBenjaminFinegold"]
[Black "Bajecny"]
[Result "0-1"]
[WhiteElo "2557"]
[BlackElo "2261"]
[TimeControl "180+1"]
[EndTime "13:17:43 PDT"]
[Termination "Bajecny won by resignation"]

1. d4 d5 2. c4 c6 3. Nf3 Nf6 4. Nc3 e6 5. Bg5 dxc4 6. e4 b5 7. e5 h6 8. Bh4 g5 9. Nxg5 hxg5 10. Bxg5 Nbd7 11. exf6 Qa5 12. Be3 b4 13. Ne4 c3 14.
bxc3 bxc3 15. Qc2 Rb8 16. Bd3 Rb2 17. Qc1 Ba6 18. Bxa6 Qxa6 19. Nxc3 Ba3 20. Qd1 Bb4 21.
Rc1 Nxf6 22. Bd2 Rh4 23. f3 Rxd4 24. Rc2 Bxc3 25. Rxb2 Bxb2 26. Qb3 Ba3 27. Be3 Rd5 28. Qb8+ Ke7 29. Kf2 Bd6 30. Qb2 Ra5 31. Ra1 Be5 32.
Qb4+ Ke8 33. Rd1 Rxa2+ 34. Kg1 Qe2 35. Rd8+ Kxd8 36. Qf8+ Ne8 37. Bg5+ f6 38. Bxf6+ Bxf6 0-1

[Event "*** Titled Tuesday Blitz"]
[Site "Chess.com"]
[Date "2020.04.07"]
[Round "2"]
[White "julinha97"]
[Black "jncool68"]
[Result "0-1"]
[WhiteElo "2195"]
[BlackElo "2647"]
[TimeControl "180+1"]
[EndTime "13:17:44 PDT"]
[Termination "jncool68 won by checkmate"]

1. e4 c5 2. Nf3 d6 3. d4 cxd4 4. Nxd4 Nf6 5. Nc3 e6 6. g4 h6 7. h4 Be7 8. Rg1 d5 9. e5 Nfd7 10.
Bf4 Bxh4 11. Nf3 Be7 12. Qd2 Nc6 13. O-O-O g5 14. Bg3 Qa5 15. Kb1 Bb4 16. Rh1 Nb6 17. Nxg5 Na4 18. Qf4 Nxc3+ 19. bxc3 Bxc3 20. Qxf7+ Kd8 21. Qf6+ Kc7 22. Qg7+ Kb8 23. Rd3 Qb4+ 24. Kc1 hxg5 25.
Rxh8 Qb2+ 26. Kd1 Qb1+ 27. Ke2 Qe1+ 28. Kf3 Qe4# 0-1

[Event "*** Titled Tuesday Blitz"]
[Site "Chess.com"]
[Date "2020.04.07"]
[Round "2"]
[White "volcanoexplorer"]
[Black "MacDaddyMac"]
[Result "1-0"]
[WhiteElo "2540"]
[BlackElo "2299"]
[TimeControl "180+1"]
[EndTime "13:17:44 PDT"]
[Termination "volcanoexplorer won by resignation"]

1. e4 e6 2. d4 d5 3. Nc3 Nf6 4. Bg5 dxe4 5. Nxe4 Be7 6. Bxf6 gxf6 7. g3 f5 8. Nc3 a6 9. Bg2 h5 10. h4 Ra7 11. Nf3 Bd7 12. Ne5 Nc6 13. O-O Ra8 14.
Nxd7 Qxd7 15. d5 Nb4 16. dxe6 fxe6 17. Qe2 c6 18. Rad1 Nd5 19. Na4 Rd8 20. c4 c5 21.
cxd5 Qxa4 22. Qxe6 Qg4 23. d6 1-0

[Event "*** Titled Tuesday Blitz"]
[Site "Chess.com"]
[Date "2020.04.07"]
[Round "2"]
[White "TastyTablet"]
[Black "MusicCityMaster"]
[Result "0-1"]
[WhiteElo "2586"]
[BlackElo "2328"]
[TimeControl "180+1"]
[EndTime "13:17:48 PDT"]
[Termination "MusicCityMaster won by resignation"]

1. e4 c5 2. Nf3 d6 3. d4 cxd4 4. Nxd4 Nf6 5. Nc3 a6 6. h3 e6 7. Be2 b5 8. O-O Bb7 9. f3 Be7 10. a3 O-O 11. Re1 Nbd7 12. Bf1 Rc8 13. g4 Nb6 14.
Bg2 Nc4 15. f4 Qb6 16. Kh1 Rfd8 17. b3 Nxa3 18. Bxa3 Rxc3 19. Bb4 Rdc8 20. Bxc3 Rxc3 21. Qd2 Qc5 22. e5 Rxh3+ 23. Kg1 Rg3 24. Re2 Ne4 25. Qe1 Qxd4+ 0-1

[Event "*** Titled Tuesday Blitz"]
[Site "Chess.com"]
[Date "2020.04.07"]
[Round "2"]
[White "x-3738459472"]
[Black "Jumbo"]
[Result "0-1"]
[WhiteElo "2529"]
[BlackElo "2801"]
[TimeControl "180+1"]
[EndTime "13:17:49 PDT"]
[Termination "Jumbo won by resignation"]

1. d4 Nf6 2. Bf4 d6 3. Nc3 Nbd7 4. Nf3 c5 5. d5 Qa5 6. Qd2 b5 7. e3 b4 8. Nb1 Bb7 9. Bc4 Nb6 10.
b3 Nfxd5 11. O-O Nxc4 12. bxc4 Nxf4 13. exf4 Bxf3 14. gxf3 g6 15. Re1 Qc7 16. a3 Bg7 17.
Ra2 Rb8 18. axb4 cxb4 19. Qe3 Rb7 20. Nd2 O-O 21. Kg2 e6 22. Qd3 Rd8 23. Nb3 d5 24. c5 Qxf4 25. c6 Rc7 26. Ra6 Be5 27. Rxe5 Qxe5 28.
Qd4 Qxd4 29. Nxd4 Rb8 30. Ra5 Rb6 31. f4 Rbxc6 32. Nxc6 Rxc6 33. Rxa7 Rxc2 34. Rb7 Rc4 35. Kf3 Kg7 36. h4 Kf6 37. Kg4 h6 38. f3 g5 39.
hxg5+ hxg5 40. Kg3 Rxf4 0-1

[Event "*** Titled Tuesday Blitz"]
[Site "Chess.com"]
[Date "2020.04.07"]
[Round "2"]
[White "VerdeNotte"]
[Black "TastyFrenchFries"]
[Result "1-0"]
[WhiteElo "2734"]
[BlackElo "2404"]
[TimeControl "180+1"]
[EndTime "13:17:49 PDT"]
[Termination "VerdeNotte won by resignation"]

1. e4 e6 2. d4 d5 3. Nd2 Nf6 4. e5 Nfd7 5. Bd3 c5 6. c3 Nc6 7. Ngf3 Be7 8. O-O g5 9. h3 h5 10. g4 hxg4 11. hxg4 Qb6 12. Qa4 f6 13. exf6 Bxf6 14.
Re1 cxd4 15. Rxe6+ Kf7 16. Rd6 dxc3 17. Nb3 Nde5 18.
Rxf6+ Kxf6 19. Bxg5+ Kg7 20. Bf6+ Kxf6 21. Qf4+ Ke6 22.
Nbd4+ Kd6 23. Nxc6 bxc6 24. Qxe5+ Kc5 25. Qxc3+ Kd6 26.
Qe5+ Kc5 27. Rc1+ 1-0

[Event "*** Titled Tuesday Blitz"]
[Site "Chess.com"]
[Date "2020.04.07"]
[Round "2"]
[White "Sharpchess22"]
[Black "albi1999"]
[Result "1-0"]
[WhiteElo "2919"]
[BlackElo "2591"]
[TimeControl "180+1"]
[EndTime "13:17:51 PDT"]
[Termination "Sharpchess22 won by checkmate"]

1. d4 d5 2. Nf3 Nf6 3. Bf4 c5 4. e3 Nc6 5. Nbd2 Nh5 6. Bg5 h6 7. Bh4 g5 8. Ne5 Nxe5 9. Qxh5 cxd4 10. exd4 Nc6 11. Bxg5 Nxd4 12. Bd3 Qc7 13. Be3 Nxc2+ 14. Bxc2 Qxc2 15. Qxd5 Qc6 16. Qxc6+ bxc6 17. Rc1 Be6 18.
Rxc6 Bd5 19. Rc7 Bxg2 20. Rg1 Bd5 21. Bxa7 e6 22. Bd4 Rxa2 23. b3 Bb4 24. Bxh8 Bxd2+ 25. Kf1 Bf3 26. Rg8# 1-0

[Event "*** Titled Tuesday Blitz"]
[Site "Chess.com"]
[Date "2020.04.07"]
[Round "2"]
[White "talman67"]
[Black "chiwii"]
[Result "1-0"]
[WhiteElo "2536"]
[BlackElo "2206"]
[TimeControl "180+1"]
[EndTime "13:17:53 PDT"]
[Termination "talman67 won by resignation"]

1. e4 c5 2. Nf3 e6 3. d4 cxd4 4. Nxd4 a6 5. Bd3 g6 6. Nc3 Bg7 7. Be3 Ne7 8. Qd2 O-O 9. h4 h5 10. Nb3 d6 11. Bh6 Nbc6 12. g4 Ne5 13. Be2 hxg4 14.
h5 f5 15. Bxg7 Kxg7 16. O-O-O f4 17. hxg6 N7xg6 18. Rdg1 Qg5 19. Kb1 Bd7 20. Qxd6 Rad8 21. Bxg4 Nxg4 22. f3 N6e5 23. Nd4 Nf7 24. Qxd7 Rxd7 25.
Nxe6+ Kf6 26. Nxg5 Nxg5 27. Rxg4 Ne6 28. Nd5+ Ke5 29.
c3 Kd6 30. Rh6 Re8 31. Nxf4 Ke5 32. Nxe6 Rxe6 33. Rg5+ Kd6 34. Rd5+ Ke7 35. Rh7+ Kf6 36. Rdxd7 1-0

[Event "*** Titled Tuesday Blitz"]
[Site "Chess.com"]
[Date "2020.04.07"]
[Round "2"]
[White "Viuvanegra"]
[Black "kleopl"]
[Result "0-1"]
[WhiteElo "1945"]
[BlackElo "2401"]
[TimeControl "180+1"]
[EndTime "13:17:53 PDT"]
[Termination "kleopl won on time"]

1. d4 Nf6 2. c4 g6 3. Nc3 d5 4.
cxd5 Nxd5 5. e4 Nxc3 6. bxc3 Bg7 7. Nf3 c5 8. Rb1 O-O 9. Be2 Nc6 10. d5 Na5 11.
Qd2 b6 12. O-O e5 13. c4 Nb7 14. Bb2 Re8 15. Bc3 Nd6 16. Bd3 f5 17. Rfe1 fxe4 18. Bxe4 Nxc4 19. Qc2 Nd6 20. Bd3 e4 21. Bxg7 exd3 22. Qc3 Ne4 23. Rxe4 Rxe4 24. Bh6 Qd7 25.
Qxd3 Ra4 26. Qb3 Rb4 27. Qc2 Qf5 0-1

[Event "*** Titled Tuesday Blitz"]
[Site "Chess.com"]
[Date "2020.04.07"]
[Round "2"]
[White "Elshan1985"]
[Black "Philosopherrr"]
[Result "0-1"]
[WhiteElo "2687"]
[BlackElo "2399"]
[TimeControl "180+1"]
[EndTime "13:17:54 PDT"]
[Termination "Philosopherrr won by resignation"]

1. d4 Nf6 2. c4 e6 3. Nf3 c5 4. Nc3 d5 5. e3 Nc6 6. cxd5 exd5 7. Bb5 a6 8. Bxc6+ bxc6 9. O-O Bd6 10. dxc5 Bxc5 11.
b3 O-O 12. Bb2 Re8 13. Rc1 Bd6 14. Na4 Bd7 15. Bd4 Ne4 16. Nc5 Bg4 17. h3 Bxf3 18. Qxf3 Bxc5 19. Bxc5 Nd2 20. Qg4 Re4 21. Qg3 Nxf1 22.
Kxf1 Re6 23. Bd4 Rg6 24. Qe5 Qe8 25. Qxe8+ Rxe8 26. Rc5 Rge6 27. Ra5 Ra8 28. b4 Ree8 29. Rc5 Rec8 30. a3 f6 31. Ke2 Kf7 32. Kd3 Ke6 33. Kc3 Kd7 34. Kb3 Rab8 35. Ra5 Ra8 36. Ka4 Rcb8 37.
Rc5 Rb5 38. g4 a5 39. Rxb5 cxb5+ 40. Kxb5 axb4 41. Kxb4 Kc6 42. h4 h5 43. g5 fxg5 44.
hxg5 g6 45. a4 h4 46. a5 h3 47. Be5 Rf8 48. a6 Rxf2 49. a7 Kb7 50. Kc5 h2 51. Bxh2 Rxh2 52. Kxd5 Rg2 0-1

[Event "*** Titled Tuesday Blitz"]
[Site "Chess.com"]
[Date "2020.04.07"]
[Round "2"]
[White "ehrenfeld"]
[Black "Ovsiannikov_Maxim"]
[Result "0-1"]
[WhiteElo "2441"]
[BlackElo "2219"]
[TimeControl "180+1"]
[EndTime "13:17:54 PDT"]
[Termination "Ovsiannikov_Maxim won by resignation"]

1. e4 e6 2. d3 d5 3. Qe2 Nf6 4. Nf3 b5 5. exd5 Nxd5 6. g3 Bb7 7. Bg2 Nf6 8. O-O Bc5 9. d4 Bb6 10. Qxb5+ Nbd7 11. Qe2 O-O 12. Rd1 a5 13. c3 a4 14.
Bg5 h6 15. Bxf6 Nxf6 16. Nbd2 Qd6 17. Ne5 Bxg2 18. Kxg2 c5 19. Ndc4 Qd5+ 20. Qf3 Ba7 21. Qxd5 exd5 22. Ne3 cxd4 23. cxd4 Rfc8 24. Nf3 Rab8 25.
Rab1 Rb4 26. a3 Rb3 27. Rbc1 Rxc1 28. Rxc1 Rxb2 29. Rc8+ Kh7 30. Rc7 Bb6 31. Rxf7 Ne4 32. Nd1 Rb1 33. Ne3 Rb2 34. Nxd5 Rxf2+ 35. Kg1 Bxd4 36.
Ng5+ hxg5 37. Rxf2 Bxf2+ 38. Kg2 Bc5 39. Kf3 Nf6 40. Nc3 g4+ 41. Kg2 Bxa3 42. Nxa4 Bb4 43. Nb2 Kg6 44. Nd3 Bd6 45. Nf2 Kf5 46. Nd3 Ne4 47.
Nf2 Nxf2 48. Kxf2 Ke4 49. Ke2 Bc5 50. Kf1 Kf3 0-1

[Event "*** Titled Tuesday Blitz"]
[Site "Chess.com"]
[Date "2020.04.07"]
[Round "2"]
[White "TST2014"]
[Black "abhidabhi"]
[Result "1-0"]
[WhiteElo "2534"]
[BlackElo "2752"]
[TimeControl "180+1"]
[EndTime "13:17:58 PDT"]
[Termination "TST2014 won by resignation"]

1. d4 Nf6 2. c4 g6 3. Nf3 Bg7 4.
Nc3 d5 5. Bg5 Ne4 6. Bh4 Nxc3 7.
bxc3 dxc4 8. Qa4+ Nd7 9. e3 O-O 10. Qa3 c5 11. Bxc4 b6 12. Bd5 Rb8 13. Qxa7 cxd4 14.
cxd4 Nc5 15. Bxf7+ Rxf7 16. Qxb8 Nd3+ 17. Kd2 Rf8 18. Qa7 Rxf3 19. gxf3 Bxd4 20. Qxe7 Qd5 21. exd4 Qxd4 22. Qd8+ 1-0

[Event "*** Titled Tuesday Blitz"]
[Site "Chess.com"]
[Date "2020.04.07"]
[Round "2"]
[White "Taron_Shagbazyan"]
[Black "Agent-JL"]
[Result "0-1"]
[WhiteElo "2695"]
[BlackElo "2424"]
[TimeControl "180+1"]
[EndTime "13:18:01 PDT"]
[Termination "Agent-JL won by resignation"]

1. d4 Nf6 2. c4 e6 3. Nc3 Bb4 4. e3 d5 5. Ne2 O-O 6. a3 Be7 7. Ng3 b6 8. Be2 Bb7 9. O-O Nbd7 10. cxd5 Nxd5 11. e4 Nxc3 12. bxc3 c5 13. Be3 Rc8 14.
Qd2 Nf6 15. f3 Qd7 16. Rfd1 Rfd8 17. a4 Bc6 18. a5 b5 19. Qb2 c4 20. a6 Qc7 21. Nf1 Rb8 22. Qc1 Rb6 23. d5 exd5 24. e5 Nd7 25. Bxb6 Qxb6+ 26. Kh1 Nxe5 27. Ng3 g6 28. f4 Nd7 29. f5 Nc5 30. fxg6 hxg6 31.
Rf1 Qc7 32. Qh6 Bf8 33. Qg5 Ne6 34. Qg4 Bg7 35. Rac1 d4 36. cxd4 Rxd4 37. Ne4 Rxe4 38. Qf3 Nd4 39. Qf2 Rxe2 0-1

[Event "*** Titled Tuesday Blitz"]
[Site "Chess.com"]
[Date "2020.04.07"]
[Round "2"]
[White "Sven_Tica"]
[Black "almaguerjm"]
[Result "1-0"]
[WhiteElo "2668"]
[BlackElo "2336"]
[TimeControl "180+1"]
[EndTime "13:18:01 PDT"]
[Termination "Sven_Tica won by resignation"]

1. d4 Nf6 2. c4 c5 3. d5 e6 4. Nc3 exd5 5. cxd5 d6 6. Nf3 g6 7. g3 Bg7 8. Bg2 O-O 9. O-O Re8 10. Re1 Ne4 11.
Nxe4 Rxe4 12. Nd2 Rb4 13. Qc2 b5 14. e4 Nd7 15. Rb1 Ra4 16. a3 Qa5 17. f4 Bb7 18. Nb3 Qb6 19. Be3 Re8 20. Bf2 a5 21.
Nd2 Bd4 22. Bxd4 cxd4 23. Kh1 Nc5 24. Rbc1 d3 25. Qb1 Ba6 26. b4 Rxa3 27. bxc5 dxc5 28. Nc4 Qd8 29. Nxa3 d2 30. Nxb5 dxe1=Q+ 31. Rxe1 f5 32. e5 Qb6 33. Nd6 Rb8 34. Qxb6 Rxb6 35. Bf1 1-0

[Event "*** Titled Tuesday Blitz"]
[Site "Chess.com"]
[Date "2020.04.07"]
[Round "2"]
[White "HiHaruka"]
[Black "pedromartinez91"]
[Result "0-1"]
[WhiteElo "2268"]
[BlackElo "2498"]
[TimeControl "180+1"]
[EndTime "13:18:01 PDT"]
[Termination "pedromartinez91 won on time"]

1. e4 c5 2. Nf3 Nc6 3. d4 cxd4 4. Nxd4 g6 5. Nc3 Bg7 6. Be3 Nf6 7. Be2 O-O 8. O-O d5 9. exd5 Nxd5 10. Nxd5 Qxd5 11.
Nxc6 Qxc6 12. Bf3 Qc7 13. c3 Be6 14. Bd4 Rfd8 15. Qa4 Bxd4 16. cxd4 Bd5 17. Rac1 Qb6 18.
Rfd1 Bxf3 19. gxf3 Rd5 20. Qa3 Qf6 21. Re1 e6 22. Rc7 b6 23. Qa6 Qxf3 24. Kf1 Qh3+ 25. Ke2 Qg4+ 26. Kf1 Qxd4 27. Rc3 Rf5 0-1

[Event "*** Titled Tuesday Blitz"]
[Site "Chess.com"]
[Date "2020.04.07"]
[Round "2"]
[White "ChadaevNikolay"]
[Black "chessasuke"]
[Result "1-0"]
[WhiteElo "2903"]
[BlackElo "2585"]
[TimeControl "180+1"]
[EndTime "13:18:03 PDT"]
[Termination "ChadaevNikolay won by resignation"]

1. e4 e6 2. d4 d5 3. Nd2 c5 4.
exd5 Qxd5 5. dxc5 Bxc5 6. Ngf3 Nf6 7. Bc4 Qc6 8. Qe2 O-O 9. O-O b6 10. Nb3 Be7 11. Nbd4 Qe4 12. Qxe4 Nxe4 13. Re1 Nf6 14. Bg5 h6 15. Bh4 Rd8 16. Nf5 Nc6 17. Nxe7+ Nxe7 18. Ne5 Bb7 19. f3 Bd5 20. Bf1 Rac8 21.
c4 Bb7 22. Rad1 Kf8 23. Be2 Nf5 24. Bf2 Ke7 25. a4 Nd7 26. Nxd7 Rxd7 27. Rxd7+ Kxd7 28. Rd1+ Ke7 29. b4 Nd6 30. c5 bxc5 31. Bxc5 Rc6 32. Bb5 1-0

[Event "*** Titled Tuesday Blitz"]
[Site "Chess.com"]
[Date "2020.04.07"]
[Round "2"]
[White "RestartingChess"]
[Black "StephenDedalus83"]
[Result "0-1"]
[WhiteElo "2354"]
[BlackElo "2730"]
[TimeControl "180+1"]
[EndTime "13:18:03 PDT"]
[Termination "StephenDedalus83 won by resignation"]

1. e4 g6 2. d4 Bg7 3. Nf3 d6 4. Be2 c5 5. Be3 cxd4 6. Nxd4 Nf6 7. Nc3 O-O 8. O-O Nc6 9. h3 Bd7 10. f4 a6 11. f5 Ne5 12. Nf3 Bc6 13. Nxe5 dxe5 14.
fxg6 hxg6 15. Bf3 b5 16. Qxd8 Rfxd8 17. Rad1 b4 18. Nd5 Bxd5 19. exd5 e4 20. Be2 Nxd5 21.
Bc5 Bxb2 22. Bc4 e6 23. Bxd5 Rxd5 24. Bxb4 Rc8 25. Rde1 f5 26. Re2 Rc4 27. a3 a5 28.
Be7 Kf7 29. Bg5 Bxa3 30. g4 a4 31. h4 Bb2 32. h5 gxh5 33. gxh5 a3 34. Bc1 Bd4+ 35.
Be3 Bf6 36. c3 Rxc3 37. Bf4 Rh3 38. Rc1 Bb2 39. Rc7+ Kf6 40. Ra7 Bd4+ 41. Kg2 Rf3 42. Ra8 Rxf4 43. Rxa3 Rh4 44. Rh3 Rxh3 45. Kxh3 Kg5 46.
Kg3 Kxh5 47. Kf4 Be5+ 48. Ke3 Rd3+ 49. Kf2 Kg4 50. Re1 Bg3+ 0-1

[Event "*** Titled Tuesday Blitz"]
[Site "Chess.com"]
[Date "2020.04.07"]
[Round "2"]
[White "Fibrinogen"]
[Black "fidezivkovic"]
[Result "1-0"]
[WhiteElo "2707"]
[BlackElo "2350"]
[TimeControl "180+1"]
[EndTime "13:18:03 PDT"]
[Termination "Fibrinogen won by resignation"]

1. c4 e5 2. Nc3 Nf6 3. Nf3 Nc6 4. e3 Bb4 5. Nd5 Bc5 6. Qc2 O-O 7.
a3 a5 8. Bd3 h6 9. O-O d6 10.
Rb1 Nxd5 11. cxd5 Ne7 12. Nxe5 Nxd5 13. Nf3 Nf6 14. b4 axb4 15. axb4 Bb6 16. Bb2 c6 17. b5 c5 18. Bf5 d5 19. Ra1 Be6 20.
d4 c4 21. Ne5 Nd7 22. Rxa8 Qxa8 23. Nxd7 Bxf5 24. Qxf5 Qc8 25. Qg4 f5 26. Nxb6 fxg4 27. Nxc8 Rxc8 28. Bc3 Kf7 29. f3 gxf3 30. gxf3 Ke6 31.
Kf2 g5 32. Ra1 Rf8 33. Ke2 Kd7 34. h4 gxh4 35. Rh1 Rg8 36. Kf2 Rg5 37. Rxh4 h5 38.
Rf4 Kc7 39. Ba5+ b6 40. Rf7+ 1-0

[Event "*** Titled Tuesday Blitz"]
[Site "Chess.com"]
[Date "2020.04.07"]
[Round "2"]
[White "Anna_ChessMate"]
[Black "ChessBitl"]
[Result "1-0"]
[WhiteElo "2615"]
[BlackElo "2320"]
[TimeControl "180+1"]
[EndTime "13:18:04 PDT"]
[Termination "Anna_ChessMate won by resignation"]

1. d4 d5 2. c4 dxc4 3. Nf3 Nf6 4.
e3 e6 5. Bxc4 a6 6. O-O c5 7.
Qe2 b5 8. Bd3 Bb7 9. b3 cxd4 10.
Nxd4 Nc6 11. Nxc6 Bxc6 12. Bb2 Be7 13. Nc3 O-O 14. Rfd1 Qb6 15. a4 b4 16. Nb1 Rfd8 17. Nd2 a5 18. Nc4 Qb7 19. f3 Bc5 20. Kh1 Nd5 21. Rac1 Nc3 22. Bxc3 bxc3 23. Rxc3 Bb4 24.
Rcc1 Bd5 25. e4 Bc6 26. Ne5 Be8 27. Bc4 Ba3 28. Rb1 Qc7 29. Ng4 Bc5 30. g3 h5 31.
Nf2 h4 32. Kg2 Bc6 33. Nd3 Bb6 34. Nf4 Qe5 35. Nd3 Qc7 36. Rbc1 Qe7 37. Ne5 Be8 38. Bb5 Qb4 39. Bxe8 Rxe8 40. Qc4 Qd6 41. Rxd6 1-0

[Event "*** Titled Tuesday Blitz"]
[Site "Chess.com"]
[Date "2020.04.07"]
[Round "2"]
[White "malandragem"]
[Black "piscatorox"]
[Result "1-0"]
[WhiteElo "2475"]
[BlackElo "2234"]
[TimeControl "180+1"]
[EndTime "13:18:07 PDT"]
[Termination "malandragem won by resignation"]

1. d4 Nf6 2. c4 g6 3. Nc3 Bg7 4. e4 d6 5. f3 O-O 6. Be3 e5 7. Nge2 a5 8. Qd2 a4 9. g4 a3 10. b3 exd4 11. Nxd4 Nc6 12. h4 Bxg4 13. fxg4 Nxg4 14.
Nxc6 bxc6 15. Bf4 Qf6 16. Rc1 Rfe8 17. Kd1 Bh6 18. Bxh6 Nf2+ 19. Kc2 Nxh1 20. Bg5 Qe5 21. Bd3 Ng3 22. Bf4 Nxe4 23. Bxe4 Qh5 24. Bg5 Ra5 25.
Rf1 d5 26. Bf3 dxc4 27. Bxh5 cxb3+ 28. axb3 a2 29. Kb2 1-0

[Event "*** Titled Tuesday Blitz"]
[Site "Chess.com"]
[Date "2020.04.07"]
[Round "2"]
[White "Evgeny81"]
[Black "WelshTiger"]
[Result "1-0"]
[WhiteElo "2745"]
[BlackElo "2411"]
[TimeControl "180+1"]
[EndTime "13:18:08 PDT"]
[Termination "Evgeny81 won on time"]

1. d4 Nf6 2. c4 c5 3. d5 e6 4. Nc3 exd5 5. cxd5 d6 6. Nf3 g6 7.
Nd2 Bg7 8. e4 O-O 9. Be2 Ne8 10.
O-O f5 11. exf5 Bxf5 12. Nc4 Nd7 13. Ne3 Ne5 14. f4 Nf7 15. Nxf5 gxf5 16. Bd3 Qf6 17. Kh1 a6 18. a4 Nh6 19. Ne2 Rb8 20. Ng3 b5 21.
axb5 axb5 22. Nh5 Qd4 23. Qe2 c4 24. Qe6+ Kh8 25. Bc2 Ng4 26. h3 Nf2+ 27. Kh2 Ne4 28. Rd1 Qf2 29. Bxe4 fxe4 30. Qxe4 Nf6 31. Nxf6 Bxf6 32.
Be3 Qxb2 33. Ra7 Bg7 34. Bd4 1-0